Map: Dusty Gorge

Players

Fatpipe

  • Race: Protoss Protoss
  • Spawn Location: 5:00

TSLiot

  • Race: Protoss Protoss
  • Spawn Location: 3:00

PureLegacy - Winner!

  • Race: Terran Terran
  • Spawn Location: 11:00

LOADBLASTER - Winner!

  • Race: Terran Terran
  • League: Grandmaster
  • Spawn Location: 9:00

VOD

Have the link to the VOD?

Description

Time

  • Played on: Dec. 1, 2018, 11:51 a.m.
  • Length: 4:36
Show
View Real Time Build Order
Export as new Build Order

Fatpipe Protoss 

Build Orders:  

Get SALT Encoding   

  12  0:00  Probe  
  13  0:13  Probe  
  14  0:19  Pylon  
  14  0:25  Probe  
  15  0:35  Probe  
  15  0:40  Gateway  
  16  0:43  Probe  
  17  0:54  Probe  
  17  0:55  Assimilator  
  18  1:00  Assimilator  
  18  1:06  Probe  
  19  1:14  Probe  
  20  1:22  Probe  
  20  1:27  Cybernetics Core  
  21  1:33  Pylon  
  21  1:39  Probe  
  22  1:52  Probe  
  23  1:58  Stalker  
  23  2:07  Warp Gate  
  25  2:20  Shield Battery  
  25  2:22  Pylon  
  25  2:23  Stalker  
  25  2:24  Gateway  
  27  2:39  Gateway  
  27  2:54  Stalker  
  29  3:13  Stalker  
  31  3:27  Twilight Council  
  31  3:47  Nexus  
  23  4:09  Stalker x2  
  27  4:10  Stalker  
Show
View Real Time Build Order
Export as new Build Order

TSLiot Protoss 

Build Orders:  

Get SALT Encoding   

  12  0:01  Probe  
  13  0:14  Probe  
  14  0:20  Pylon  
  14  0:25  Probe  
  15  0:34  Probe  
  15  0:39  Gateway  
  15  0:42  Probe  
  17  0:53  Assimilator, Probe  
  18  0:57  Assimilator  
  18  1:01  Probe  
  18  1:10  Probe  
  20  1:22  Probe  
  21  1:27  Cybernetics Core  
  21  1:34  Probe  
  22  1:40  Pylon  
  22  1:46  Probe  
  23  1:55  Warp Gate  
  23  1:56  Stalker  
  23  1:58  Probe  
  26  2:15  Gateway  
  25  2:24  Stalker  
  27  2:35  Gateway  
  27  2:36  Probe  
  28  2:43  Pylon  
  28  2:55  Stalker  
  30  3:00  Probe  
  29  3:07  Shield Battery  
  29  3:12  Stalker  
  31  3:23  Nexus  
  31  3:32  Probe  
  32  3:36  Twilight Council  
  24  3:58  Stalker x2  
  24  4:11  Stalker  
  16  4:25  Stalker  
Show
View Real Time Build Order
Export as new Build Order

PureLegacy Terran - Winner!

Build Orders:  

Get SALT Encoding   

  12  0:01  SCV  
  13  0:13  SCV  
  14  0:20  Supply Depot  
  14  0:26  SCV  
  15  0:32  Refinery  
  15  0:42  SCV  
  16  0:46  Barracks  
  16  0:54  SCV  
  17  1:04  Barracks  
  17  1:16  Barracks  
  17  1:21  SCV  
  18  1:34  Reaper  
  18  1:39  Orbital Command  
  19  1:47  Refinery  
  19  1:53  Reaper  
  20  1:58  Supply Depot  
  20  2:04  Reaper  
  21  2:10  Reaper  
  21  2:11  SCV  
  23  2:26  SCV  
  23  2:27  Supply Depot, Reaper  
  25  2:36  Reaper  
  26  2:38  SCV  
  26  2:42  Reaper  
  28  2:59  Reaper  
  29  3:07  Command Center  
  29  3:08  Reaper  
  29  3:10  SCV  
  31  3:16  Reaper  
  32  3:31  Reaper  
  33  3:34  Engineering Bay  
  33  3:35  SCV  
  33  3:40  Reaper  
  32  3:55  Reaper  
  32  4:01  SCV  
  34  4:04  Reaper  
  34  4:18  SCV  
  34  4:20  Barracks  
  34  4:22  Barracks  
Show
View Real Time Build Order
Export as new Build Order

LOADBLASTER Terran - Winner!

Build Orders:  

Get SALT Encoding   

  12  0:01  SCV  
  13  0:13  SCV  
  14  0:18  Supply Depot  
  14  0:25  SCV  
  15  0:40  Refinery, SCV  
  16  0:46  Barracks  
  16  0:52  SCV  
  17  1:04  SCV  
  18  1:16  Barracks  
  18  1:17  SCV  
  20  1:37  Orbital Command  
  20  1:39  Barracks Tech Lab  
  19  1:44  Supply Depot  
  19  1:58  Marauder, Concussive Shells  
  21  2:04  SCV, Barracks Tech Lab  
  22  2:17  SCV  
  22  2:19  Marauder  
  25  2:24  Marauder  
  27  2:41  Marauder  
  29  2:45  Command Center  
  29  2:50  Supply Depot  
  29  2:58  Marauder  
  31  3:03  Marauder  
  31  3:12  SCV  
  32  3:13  Engineering Bay  
  32  3:24  Marauder  
  32  3:26  SCV  
  35  3:33  Marauder  
  37  3:40  Missile Turret  
  38  3:41  SCV  
  38  3:52  Marauder  
  38  3:53  SCV  
  37  3:57  Marauder  
  37  4:05  SCV, Orbital Command  
  40  4:17  SCV  
  40  4:20  Barracks  
Tags
 
Add a new tag
Caveats
  • Supply blocks, unpowered buildings, or Contaminate may cause inaccurate times.
  • Supply counts are checked every 10 seconds.